[Event "Reykjavik Open 2025"]
[Site "Reykjavik, Iceland"]
[Date "2025.04.15"]
[Round "9.32"]
[White "Gunnarsson, Jon Viktor"]
[Black "Kavutskiy, Kostya"]
[Result "1-0"]
[WhiteElo "2439"]
[WhiteTitle "IM"]
[WhiteFideId "2300931"]
[BlackElo "2351"]
[BlackTitle "IM"]
[BlackFideId "2026384"]
[TimeControl "90+30 +30 after 40 moves"]
[Variant "Standard"]
[ECO "B90"]
[Opening "Sicilian Defense: Najdorf Variation, Freak Attack"]
[StudyName "Round 9"]
1. e4 c5 2. Nf3 d6 3. d4 cxd4 4. Nxd4 Nf6 5. Nc3 a6 6. Rg1 g6 7. g4 Nc6 8. g5 Nd7 9. Be3 h6 10. h4 hxg5 11. hxg5 Bg7 12. Qd2 Nde5 13. Be2 Ng4 14. Bxg4 Bxg4 15. f4 Nxd4 16. Bxd4 e5 17. Be3 Be6 18. O-O-O Rc8 19. Rh1 Rxh1 20. Rxh1 Kf8 21. Nd5 Bxd5 22. Qxd5 Qc7 23. c3 Qc6 24. Qxc6 bxc6 25. f5 gxf5 26. exf5 Kg8 27. Kd2 d5 28. Bc5 Bf8 29. Bxf8 Rxf8 30. Rh6 f6 31. Rg6+ Kh7 32. gxf6 a5 33. a4 d4 34. Kd3 c5 35. Ke4 Rg8 36. f7 Rf8 37. Kxe5 Rxf7 38. cxd4 cxd4 39. Rd6 Re7+ 40. Kxd4 Rb7 41. Kc3 1-0

[Event "Reykjavik Open 2025"]
[Site "Reykjavik, Iceland"]
[Date "2025.04.15"]
[Round "9.33"]
[White "Harish, Neeraj"]
[Black "Hagner, Bennet"]
[Result "0-1"]
[WhiteElo "2169"]
[WhiteTitle "CM"]
[WhiteFideId "30958130"]
[BlackElo "2430"]
[BlackTitle "FM"]
[BlackFideId "16224477"]
[TimeControl "90+30 +30 after 40 moves"]
[Variant "Standard"]
[ECO "C55"]
[Opening "Italian Game: Two Knights Defense, Modern Bishop's Opening"]
[StudyName "Round 9"]
1. e4 e5 2. Nf3 Nc6 3. Bc4 Nf6 4. d3 h6 5. O-O a6 6. a4 d6 7. Nc3 g5 8. Nd5 Bg7 9. c3 Nxd5 10. exd5 Ne7 11. d4 g4 12. Ne1 exd4 13. cxd4 O-O 14. Ra3 Nf5 15. Nc2 h5 16. Bf4 Qf6 17. Qd2 Bd7 18. a5 Rfe8 19. Rd1 h4 20. b4 Qg6 21. Bf1 Re4 22. Be3 Bb5 23. Bxb5 axb5 24. Rf1 Rae8 25. Raa1 g3 26. Rae1 h3 27. fxg3 Nxe3 28. Rxe3 Rxe3 29. Nxe3 Bh6 30. Rf3 Qe4 31. Kf2 Bxe3+ 32. Rxe3 Qxg2+ 33. Ke1 Qg1+ 34. Ke2 Qxh2+ 35. Kd1 Qxd2+ 36. Kxd2 Rxe3 37. Kxe3 h2 0-1

[Event "Reykjavik Open 2025"]
[Site "Reykjavik, Iceland"]
[Date "2025.04.15"]
[Round "9.34"]
[White "Saine, Zachary"]
[Black "Savidge, Daniel"]
[Result "0-1"]
[WhiteElo "2019"]
[WhiteFideId "2624346"]
[BlackElo "2180"]
[BlackFideId "450332"]
[TimeControl "90+30 +30 after 40 moves"]
[Variant "Standard"]
[ECO "B32"]
[Opening "Sicilian Defense: Kalashnikov Variation"]
[StudyName "Round 9"]
1. e4 c5 2. Nf3 Nc6 3. d4 cxd4 4. Nxd4 e5 5. Nb5 d6 6. N1c3 a6 7. Na3 Be7 8. Be3 Nf6 9. Nc4 b5 10. Nb6 Rb8 11. Nxc8 Qxc8 12. Be2 O-O 13. a3 Na5 14. g4 Nc4 15. Bc1 d5 16. Nxd5 Nxd5 17. exd5 f5 18. O-O f4 19. Bf3 Rb6 20. b3 Nd6 21. Re1 Nf7 22. Bb2 Rh6 23. c4 bxc4 24. Rc1 Bd6 25. bxc4 Qc5 26. Rc2 Ng5 27. Bxe5 Re8 28. Bc3 Rxe1+ 29. Bxe1 Qxa3 30. Rc3 Qc5 31. Qe2 Qd4 32. Qd3 Qe5 33. Rc1 Rh3 34. Bc3 Qe7 35. Qf5 Nxf3+ 36. Kf1 Rxh2 37. Qc8+ Qf8 38. Qe6+ Kh8 39. Rc2 Ng5 40. Ke1 0-1

[Event "Reykjavik Open 2025"]
[Site "Reykjavik, Iceland"]
[Date "2025.04.15"]
[Round "9.35"]
[White "Eiriksson, Sigurdur"]
[Black "Kadovic, Tamara"]
[Result "0-1"]
[WhiteElo "1810"]
[WhiteFideId "2302314"]
[BlackElo "1612"]
[BlackFideId "16512065"]
[TimeControl "90+30 +30 after 40 moves"]
[Variant "Standard"]
[ECO "C47"]
[Opening "Four Knights Game: Italian Variation, Noa Gambit"]
[StudyName "Round 9"]
1. e4 e5 2. Nf3 Nc6 3. Bc4 Nf6 4. Nc3 Nxe4 5. Bxf7+ Kxf7 6. Nxe4 Be7 7. d4 Rf8 8. dxe5 Kg8 9. O-O b6 10. Qd5+ Kh8 11. Neg5 Bxg5 12. Nxg5 Qe8 13. f4 Bb7 14. Bd2 h6 15. Nf3 Rd8 16. Rae1 Qe6 17. Qd3 Qxa2 18. Nh4 Rfe8 19. b3 Qa3 20. Ra1 Qc5+ 21. Kh1 Kg8 22. Rad1 Qf8 23. Bc3 Qf7 24. Qg3 Rf8 25. Qg4 Ne7 26. Bb4 c5 27. Bc3 Nd5 28. Bd2 Rde8 29. Ng6 Qf5 30. Qg3 Rf7 31. c4 Ne7 32. Nh4 Qe6 33. Bc3 Nf5 34. Nxf5 Qxf5 35. h3 Re6 36. Rd6 a6 37. Rxe6 dxe6 38. Qe3 Rd7 39. Kh2 Rd3 40. Qe1 Bxg2 0-1

[Event "Reykjavik Open 2025"]
[Site "Reykjavik, Iceland"]
[Date "2025.04.15"]
[Round "9.36"]
[White "Vroombout, Enrico"]
[Black "Fantinel, Thibault"]
[Result "1-0"]
[WhiteElo "2161"]
[WhiteFideId "1008730"]
[BlackElo "2411"]
[BlackTitle "IM"]
[BlackFideId "663395"]
[TimeControl "90+30 +30 after 40 moves"]
[Variant "Standard"]
[ECO "B48"]
[Opening "Sicilian Defense: Taimanov Variation, Bastrikov Variation, English Attack"]
[StudyName "Round 9"]
1. e4 c5 2. Nf3 e6 3. d4 cxd4 4. Nxd4 Nc6 5. Nc3 Qc7 6. Be3 a6 7. Bd3 Nf6 8. O-O b5 9. Nxc6 Qxc6 10. f3 Bc5 11. Qe1 d6 12. Kh1 Bb7 13. a4 b4 14. Nd5 Bxe3 15. Nxe3 Qc5 16. a5 Bc6 17. Nc4 Nd7 18. Qg3 Ke7 19. f4 Bb5 20. Ne3 h5 21. f5 Qe5 22. Qh4+ Qf6 23. Qh3 Qg5 24. fxe6 fxe6 25. Bc4 Nc5 26. Bxe6 Bxf1 27. Nd5+ Kd8 28. Rxf1 Re8 29. Nf4 Rf8 30. g3 Ra7 31. Bd5 Qg4 32. Qxg4 hxg4 33. Rd1 g5 34. Ng2 Rf2 35. Ne3 Re2 36. Nxg4 Rxc2 37. e5 Rxb2 38. exd6 Rg7 39. Rc1 Nd3 40. Rc6 Rb1+ 41. Kg2 Rb7 42. Rxa6 Rb8 43. Ra7 Rd1 44. Rh7 Ne1+ 45. Kf2 Rxd5 46. Rh8+ Kd7 47. Rxb8 Nd3+ 48. Ke3 Rxd6 49. a6 Rxa6 50. Kxd3 Ra4 51. Nf2 Kc7 52. Rb5 Kc6 53. Rxg5 1-0

[Event "Reykjavik Open 2025"]
[Site "Reykjavik, Iceland"]
[Date "2025.04.15"]
[Round "9.37"]
[White "Thorfinnsson, Bjorn"]
[Black "Lacroix, Romain"]
[Result "1-0"]
[WhiteElo "2386"]
[WhiteTitle "IM"]
[WhiteFideId "2300982"]
[BlackElo "2101"]
[BlackTitle "CM"]
[BlackFideId "642592"]
[TimeControl "90+30 +30 after 40 moves"]
[Variant "Standard"]
[ECO "A46"]
[Opening "Torre Attack: Classical Defense"]
[StudyName "Round 9"]
1. d4 Nf6 2. Nf3 e6 3. Bg5 c5 4. e3 cxd4 5. exd4 Be7 6. Bd3 b6 7. Qe2 Bb7 8. Nbd2 Nc6 9. c3 Nd5 10. Ne4 d6 11. Bd2 h6 12. a3 a6 13. O-O Na5 14. Rae1 b5 15. a4 bxa4 16. c4 Nf6 17. Nxf6+ Bxf6 18. d5 e5 19. Nxe5 dxe5 20. f4 Qb6+ 21. Be3 Qc7 22. fxe5 Bg5 23. Bf2 O-O-O 24. h4 Be7 25. d6 Qc6 26. Bg3 Rhe8 27. Qf2 Nb3 28. Be4 Qxc4 29. Bxb7+ Kxb7 30. Qxf7 Qc5+ 31. Bf2 Qc8 32. Re4 Rd7 33. Rxa4 Nc5 34. Qd5+ Kb6 35. Rb4+ 1-0

[Event "Reykjavik Open 2025"]
[Site "Reykjavik, Iceland"]
[Date "2025.04.15"]
[Round "9.38"]
[White "Song, Yuxin"]
[Black "Beisteiner, Joachim"]
[Result "1-0"]
[WhiteElo "2371"]
[WhiteTitle "IM"]
[WhiteFideId "8614300"]
[BlackElo "2097"]
[BlackFideId "1682296"]
[TimeControl "90+30 +30 after 40 moves"]
[Variant "Standard"]
[ECO "B12"]
[Opening "Caro-Kann Defense: Advance Variation, Short Variation"]
[StudyName "Round 9"]
1. e4 c6 2. d4 d5 3. e5 Bf5 4. Nf3 e6 5. Be2 c5 6. Be3 cxd4 7. Nxd4 Ne7 8. O-O Nbc6 9. Bb5 a6 10. Bxc6+ bxc6 11. c4 Qd7 12. cxd5 Nxd5 13. Nxf5 exf5 14. Qf3 Be7 15. Nd2 O-O 16. Nb3 Rfb8 17. Rfd1 a5 18. Rac1 Ra6 19. Bc5 g6 20. Qe2 Raa8 21. Bxe7 Qxe7 22. Nd4 Qg5 23. e6 Nf4 24. exf7+ Kxf7 25. Qc4+ Kg7 26. Qxc6 Re8 27. Qb7+ Kh8 28. Rc7 Ra7 29. Qc6 Rxc7 30. Qxe8+ Kg7 31. Qe5+ Kh6 32. g3 Nh3+ 33. Kg2 Re7 34. Nxf5+ gxf5 35. Qd6+ Kg7 36. Kxh3 f4 37. Rd5 Qf6 38. Qxf6+ 1-0

[Event "Reykjavik Open 2025"]
[Site "Reykjavik, Iceland"]
[Date "2025.04.15"]
[Round "9.39"]
[White "Li, Guohao"]
[Black "Clyde, Jordan"]
[Result "1/2-1/2"]
[WhiteElo "2356"]
[WhiteFideId "8619999"]
[BlackElo "2095"]
[BlackFideId "2616653"]
[TimeControl "90+30 +30 after 40 moves"]
[Variant "Standard"]
[ECO "A50"]
[Opening "Queen's Indian Accelerated"]
[StudyName "Round 9"]
1. d4 Nf6 2. c4 b6 3. Nf3 Bb7 4. Nc3 Ne4 5. Bd2 e6 6. e3 Nxd2 7. Qxd2 Bb4 8. d5 Qf6 9. Rc1 Na6 10. e4 Nc5 11. Bd3 Qf4 12. Bb1 Qxd2+ 13. Nxd2 O-O 14. O-O Na4 15. Nxa4 Bxd2 16. Rcd1 Bf4 17. g3 Bd6 18. f4 e5 19. f5 f6 20. h4 Be7 21. Kg2 Rfb8 22. a3 Kf8 23. Nc3 a6 24. Rf2 Bc5 25. Rfd2 a5 26. g4 Ba6 27. Ba2 d6 28. Kf3 b5 29. cxb5 Bxb5 30. Nxb5 Rxb5 31. Bc4 Rb6 32. a4 Rb4 33. b3 Rab8 34. Rd3 Ke7 35. g5 h6 36. Kg4 hxg5 37. hxg5 Rh8 38. Rh3 Rxh3 39. Kxh3 Rb8 40. gxf6+ gxf6 41. Kg3 Rg8+ 42. Kf3 Rh8 43. Rd2 Rh4 44. Bd3 Rh3+ 45. Kg4 Re3 46. Bc2 Kf7 47. Rh2 Kg7 48. Rg2 Bb4 49. Kh5+ Kf7 50. Rh2 Rg3 51. Bd1 Kg7 52. Rc2 Bc5 53. Kh4 Rg1 54. Bf3 Kh6 55. Bg2 Re1 56. Kg4 Re3 57. Rb2 Ba3 58. Rb1 Rc3 59. Bf1 Re3 60. Bg2 Rc3 61. Bf3 Rc1 62. Rxc1 Bxc1 63. Bd1 Bd2 64. Kf3 Bb4 65. Ke3 Kg7 66. Kd3 Kf8 67. Kc4 Ke7 68. Kb5 Kd8 69. Bh5 Bc3 70. Bf7 Bb4 71. Kc6 Bc3 72. Bh5 Bb4 73. Bf7 Bc3 74. Bh5 Bb4 1/2-1/2

[Event "Reykjavik Open 2025"]
[Site "Reykjavik, Iceland"]
[Date "2025.04.15"]
[Round "9.40"]
[White "Lohr, Matthias"]
[Black "Ruiz Buendia, Miguel"]
[Result "1/2-1/2"]
[WhiteElo "2092"]
[WhiteFideId "4692772"]
[BlackElo "2353"]
[BlackTitle "FM"]
[BlackFideId "24537675"]
[TimeControl "90+30 +30 after 40 moves"]
[Variant "Standard"]
[ECO "B90"]
[Opening "Sicilian Defense: Najdorf Variation, Adams Attack"]
[StudyName "Round 9"]
1. e4 c5 2. Nf3 d6 3. d4 cxd4 4. Nxd4 Nf6 5. Nc3 a6 6. h3 e5 7. Nf3 Be7 8. g4 h6 9. Rg1 g5 10. Nd2 b5 11. a4 b4 12. Nd5 Nxd5 13. exd5 Nd7 14. a5 Bb7 15. Nc4 Rc8 16. Ne3 Rc5 17. Bd2 Rxa5 18. Bxb4 Rxa1 19. Qxa1 Qb6 20. c3 Nf6 21. Qa4+ Kf8 22. c4 h5 23. Qa5 Qxa5 24. Bxa5 hxg4 25. hxg4 Bc8 26. Bd3 e4 27. Be2 Nd7 28. Nf5 Ne5 29. Nxe7 Kxe7 30. Bc3 f6 31. Bxe5 fxe5 32. Kd2 Rh3 33. Rg3 Rxg3 34. fxg3 a5 35. Ke3 Kf6 36. Kxe4 Bd7 37. Bd1 Be8 38. Ke3 Bg6 39. Bf3 Bc2 40. Be2 Ke7 41. Kd2 Be4 42. Ke3 Bc2 43. Kd2 Be4 44. Ke3 1/2-1/2

[Event "Reykjavik Open 2025"]
[Site "Reykjavik, Iceland"]
[Date "2025.04.15"]
[Round "9.41"]
[White "Blanchet, Mathieu"]
[Black "Ragnarsson, Dagur"]
[Result "0-1"]
[WhiteElo "2091"]
[WhiteFideId "26052610"]
[BlackElo "2352"]
[BlackTitle "IM"]
[BlackFideId "2304058"]
[TimeControl "90+30 +30 after 40 moves"]
[Variant "Standard"]
[ECO "D35"]
[Opening "Queen's Gambit Declined: Exchange Variation, Positional Variation"]
[StudyName "Round 9"]
1. d4 d5 2. c4 e6 3. Nc3 Nf6 4. cxd5 exd5 5. Bg5 c6 6. e3 h6 7. Bh4 Be7 8. Qc2 O-O 9. Bd3 Ne8 10. Bxe7 Qxe7 11. Nge2 Nd6 12. Ng3 Be6 13. O-O Nd7 14. Rae1 Rac8 15. f3 c5 16. Nf5 Nxf5 17. Bxf5 Qf6 18. Nxd5 Bxd5 19. Bxd7 Rcd8 20. Bb5 cxd4 21. exd4 Qxd4+ 22. Kh1 Bxa2 23. Re4 Qb6 24. Bd3 Qb3 25. Qxb3 Bxb3 26. Re3 Be6 27. h3 Rd4 28. Be4 Rb4 29. Rf2 Rc8 30. Rd2 Kf8 31. Kg1 Ke7 32. Kf2 Rc5 33. Kg3 g5 34. Kf2 Kf6 35. Ra3 a6 36. Kg3 Rcb5 37. Rd8 h5 38. h4 gxh4+ 39. Kxh4 Ke7 40. Rh8 f5 41. Rxh5 fxe4 42. Rxb5 Rxb5 0-1

[Event "Reykjavik Open 2025"]
[Site "Reykjavik, Iceland"]
[Date "2025.04.15"]
[Round "9.42"]
[White "Migot, Tangi"]
[Black "Adams, Henry"]
[Result "1-0"]
[WhiteElo "2347"]
[WhiteTitle "IM"]
[WhiteFideId "662445"]
[BlackElo "2077"]
[BlackFideId "464562"]
[TimeControl "90+30 +30 after 40 moves"]
[Variant "Standard"]
[ECO "C95"]
[Opening "Ruy Lopez: Closed, Breyer Defense, Zaitsev Hybrid"]
[StudyName "Round 9"]
1. e4 e5 2. Nf3 Nc6 3. Bb5 a6 4. Ba4 Nf6 5. O-O Be7 6. Re1 b5 7. Bb3 O-O 8. h3 d6 9. c3 Nb8 10. d4 Nbd7 11. c4 c6 12. Qc2 Bb7 13. a3 Re8 14. c5 exd4 15. Ng5 Rf8 16. cxd6 Bxd6 17. f4 c5 18. Nxf7 Rxf7 19. Bxf7+ Kxf7 20. e5 Bc7 21. exf6 Qxf6 22. Qxh7 c4 23. Nd2 Nf8 24. Qh5+ g6 25. Qg4 Bxf4 26. Ne4 Bxe4 27. Rxe4 Bd6 28. Bg5 Qg7 29. Rf1+ Kg8 30. Bf6 Qf7 31. Be5 Qc7 32. Rxf8+ 1-0

[Event "Reykjavik Open 2025"]
[Site "Reykjavik, Iceland"]
[Date "2025.04.15"]
[Round "9.43"]
[White "Omarsson, Adam"]
[Black "Haug, Havard"]
[Result "0-1"]
[WhiteElo "2072"]
[WhiteFideId "2311453"]
[BlackElo "2339"]
[BlackTitle "FM"]
[BlackFideId "1547887"]
[TimeControl "90+30 +30 after 40 moves"]
[Variant "Standard"]
[ECO "D35"]
[Opening "Queen's Gambit Declined: Exchange Variation, Positional Variation"]
[StudyName "Round 9"]
1. d4 Nf6 2. c4 e6 3. Nc3 d5 4. cxd5 exd5 5. Bg5 Be7 6. e3 O-O 7. Bd3 Re8 8. Qc2 h6 9. Bh4 c6 10. Nf3 Nbd7 11. O-O Ne4 12. Bxe7 Qxe7 13. a3 Ndf6 14. b4 Bf5 15. Na4 Nd7 16. Nd2 Nxd2 17. Qxd2 Bxd3 18. Qxd3 b5 19. Nb2 Nb6 20. Qc3 Nc4 21. a4 a5 22. bxa5 b4 23. Qc2 Nxa5 24. Rfb1 Reb8 25. Nd3 Rb6 26. Nc5 Qa7 27. h3 Rab8 28. Qf5 Rd8 29. Ra2 b3 30. Rab2 Rb4 31. Qd3 Qb6 32. Qc3 g6 33. g3 Rc4 34. Qd2 Rb4 35. Qc3 Kg7 36. Qd3 Qa7 37. Qe2 Re8 38. Qd3 h5 39. h4 Qb6 40. Qc3 Rc4 41. Qd2 Qb4 42. Qd1 Rxc5 43. dxc5 Rb8 44. Qd4+ Qxd4 45. exd4 Rb4 46. Rd2 Nc4 47. Rd3 b2 48. Kf1 Rxa4 49. Ke2 Ra1 50. Rdd1 Ra2 51. Rd3 Ra1 52. Rdd1 Ra7 53. Kd3 Ra3+ 54. Ke2 Rc3 55. Rf1 Kf6 56. f3 Rb3 57. g4 Na3 58. Rfd1 Nxb1 59. Rxb1 Ke6 60. Kf2 hxg4 61. fxg4 f5 62. gxf5+ gxf5 63. Ke2 f4 64. Kd2 Kf5 65. Kc2 Rb8 66. h5 Kg5 67. Rg1+ Kxh5 68. Kb1 f3 69. Rf1 Kg4 70. Rg1+ Kf4 71. Rg6 Rf8 0-1

[Event "Reykjavik Open 2025"]
[Site "Reykjavik, Iceland"]
[Date "2025.04.15"]
[Round "9.44"]
[White "Mensing, Adrian"]
[Black "Frayna, Janelle Mae"]
[Result "0-1"]
[WhiteElo "2078"]
[WhiteFideId "1043293"]
[BlackElo "2311"]
[BlackTitle "WGM"]
[BlackFideId "5212499"]
[TimeControl "90+30 +30 after 40 moves"]
[Variant "Standard"]
[ECO "A48"]
[Opening "East Indian Defense"]
[StudyName "Round 9"]
1. Nf3 Nf6 2. d4 g6 3. Nc3 Bg7 4. h4 h6 5. Bf4 d6 6. e4 Bg4 7. Qd2 Nc6 8. d5 Nb8 9. e5 dxe5 10. Nxe5 Bf5 11. Bc4 Nbd7 12. Nxf7 Kxf7 13. d6+ Be6 14. dxc7 Qe8 15. Bxe6+ Kxe6 16. O-O-O Kf7 17. Rhe1 Nb6 18. Qe2 Kg8 19. a4 Kh7 20. a5 Na4 21. Nb5 Qc6 22. Nd4 Qd5 23. Qe6 Qxa5 24. h5 Nxh5 25. Be5 Nc5 26. Qxe7 Rhe8 27. Qf7 Rf8 28. Qc4 Bxe5 29. Rxe5 Nb3+ 30. Qxb3 Qxe5 31. Qxb7 Rac8 32. Nc6 Rxc7 0-1